 Dungeon Crawl Stone Soup version 0.17.1-1-g73c8601 (webtiles) character file.

189 JustSomeDude the Sneak (level 5, -2/49 HPs)
             Began as a Naga Monk on Jan 5, 2016.
             Slain by a giant frog (5 damage)
             ... on level 3 of the Dungeon.
             The game lasted 00:09:43 (3047 turns).

JustSomeDude the Sneak (Naga Monk)                  Turns: 3047, Time: 00:09:43

Health: -2/49      AC:  6    Str: 14    XL:     5   Next: 68%
Magic:  5/5        EV: 11    Int: 10    God:
Gold:   70         SH:  0    Dex: 14    Spells: 0 memorised, 4 levels left

rFire  . . .     SeeInvis +     e - +0 short sword
rCold  . . .     Clarity  .     s - +0 leather armour (curse)
rNeg   . . .     SustAt   .     (no shield)
rPois  +         Gourm    .     g - +0 helmet
rElec  .         Spirit   .     j - +0 cloak
rCorr  .         Warding  .     m - +0 pair of gloves
rMut   +         Stasis   .     (no barding)
MR     .....                    f - amulet of resist mutation
Stlth  +++.......               (no ring)
                                (no ring)

@: very slow, not resistant to hostile enchantments, fairly stealthy
A: see invisible, deformed body, poison resistance, slowness 2, slow metabolism
1, spit poison 2, AC +1
a: Spit Poison


You were on level 3 of the Dungeon.
You were not hungry.

You visited 1 branch of the dungeon, and saw 3 of its levels.

You collected 70 gold pieces.

Inventory:

Hand Weapons
 e - a +0 short sword (weapon)
Armour
 a - a +0 robe
 g - a +0 helmet (worn)
 j - a +0 cloak (worn)
 m - a +0 pair of gloves (worn)
 s - a cursed +0 leather armour (worn)
Jewellery
 f - an amulet of resist mutation (around neck)
Scrolls
 c - a scroll of blinking {unknown}
 d - a scroll of magic mapping {unknown}
 h - a scroll of remove curse {unknown}
 n - a scroll of enchant armour {unknown}
 o - a scroll of identify {unknown}
 q - a scroll of fear {unknown}
 r - a scroll of teleportation {unknown}
Potions
 i - a potion of brilliance {unknown}
 k - 2 potions of flight {unknown}
 l - 2 potions of curing {unknown}
 p - a potion of lignification {unknown}
Comestibles
 b - 2 bread rations


   Skills:
 + Level 3.6 Fighting
 * Level 1.6 Short Blades
 + Level 3.6 Dodging
 * Level 5.2 Stealth
 - Level 4.2 Unarmed Combat


You had 4 spell levels left.
You didn't know any spells.

Dungeon Overview and Level Annotations

Branches:
Dungeon (3/15)

Altars:


Innate Abilities, Weirdness & Mutations

You cannot wear boots.
Your serpentine skin is tough (AC +1).
You have supernaturally acute eyesight.
Armour fits poorly on your strangely shaped body.
Your system is resistant to poisons.
You cover ground very slowly.
You have a slow metabolism.
You can spit poison.


Message History

The orc hits you with a short sword.
The hobgoblin hits you but does no damage.
You hit the gnoll.
The gnoll is almost dead.
The giant frog hits you.
* * * LOW HITPOINT WARNING * * *
The gnoll hits you but does no damage. The orc barely misses you.
The giant frog completely misses you. The hobgoblin hits you with a club.
* * * LOW HITPOINT WARNING * * *
You closely miss the gnoll.
The gnoll is almost dead.
The gnoll hits you.
* * * LOW HITPOINT WARNING * * *
The giant frog hits you.
* * * LOW HITPOINT WARNING * * *
The orc hits you but does no damage.
You hit the gnoll but do no damage. You punch the gnoll.
You kill the gnoll!
The giant frog hits you.
You die...

.. #.# ..# #######
.. ##♣ .......
#.##..♣ ....$..
..#..♣
.......####....♣ ♣
......†.o......♣♣.♣#
....##@...#.......#
# ##gF[.#.o.....#
.#.....#.......#
#................
#.........####.#..#
.......#...# ...##
.###........ ....
........... ###.
..........#.......


You could see a giant frog, an orc and a hobgoblin.

Vanquished Creatures
  2 orc wizards
  3 gnolls
  3 adders (D:2)
  2 oozes
  A worm (D:2)
  3 giant geckos (D:2)
  7 orcs
  3 giant cockroaches
  4 goblins
  6 hobgoblins
  7 jackals
  3 bats
  6 kobolds
  13 rats
63 creatures vanquished.

Notes
Turn   | Place    | Note
--------------------------------------------------------------
     0 | D:1      | JustSomeDude the Naga Monk began the quest for the Orb.
     0 | D:1      | Reached XP level 1. HP: 21/21 MP: 1/1
    89 | D:1      | Reached XP level 2. HP: 8/28 MP: 2/2
   788 | D:1      | Reached XP level 3. HP: 9/34 MP: 3/3
  1087 | D:2      | You fall through a shaft!
  1654 | D:2      | Reached XP level 4. HP: 35/42 MP: 4/4
  1854 | D:2      | Found a faded altar to an unknown god.
  1874 | D:2      | Reached skill level 1 in Short Blades
  2267 | D:3      | Reached XP level 5. HP: 21/49 MP: 5/5
  2795 | D:3      | Reached skill level 5 in Stealth
  2804 | D:3      | Noticed a giant frog
  3047 | D:3      | Slain by a giant frog

Action                   |  1- 3 |  4- 6 || total
-------------------------+-------+-------++-------
Melee: Unarmed           |    22 |       ||    22
       Short sword       |   124 |   140 ||   264
 Abil: Spit Poison       |       |     1 ||     1
 Stab: Sleeping          |     6 |     3 ||     9
       Distracted        |     1 |       ||     1
  Eat: Pizza             |     1 |       ||     1
       Bread ration      |       |     1 ||     1
